 Dungeon Crawl Stone Soup version 0.30-a0-629-gd54f4be4f7 (webtiles) character file.

Game seed: 16380600364948865145

1460 sokol815 the Magician (level 8, -1/46 HPs)
             Began as an Octopode Fire Elementalist on Jan 13, 2023.
             Killed by divine providence
             ... invoked by an orc priest
              (10 damage)
             ... on level 5 of the Dungeon.
             The game lasted 00:19:14 (6063 turns).

sokol815 the Magician (Octopode Fire Elementalist)  Turns: 6063, Time: 00:19:15

Health: -1/46      AC:  9    Str:  7    XL:     8   Next: 76%
Magic:  15/17      EV: 18    Int: 19    God:
Gold:   222        SH:  0    Dex: 13    Spells: 10/19 levels left

rFire   . . .      SeeInvis .    a - +1 short sword
rCold   . . .      Faith    .    (no shield)
rNeg    + . .      Spirit   .    i - +1 hat
rPois   .          Reflect  .    (no amulet)
rElec   .          Harm     .    g - ring of positive energy {rN+}
rCorr   .          Rampage  .    E - +5 ring of evasion
Will    .....                    (no ring)
Stlth   +++                      (no ring)
HPRegen 0.27/turn                (no ring)
MPRegen 0.15/turn                (no ring)
                                 (no ring)
                                 (no ring)

@: ice-armoured
A: almost no armour, amphibious, 8 rings, camouflage 1, gelatinous body 1,
(nimble swimmer 1), tentacles
a: no special abilities


You were on level 5 of the Dungeon.
You visited 1 branch of the dungeon, and saw 5 of its levels.

You collected 222 gold pieces.

Inventory:

Hand Weapons
 a - a +1 short sword (weapon)
   (You took it off a kobold on level 1 of the Dungeon)
 h - a +0 trident
   (You found it on level 3 of the Dungeon)
 j - a +2 flail of holy wrath
   (You took it off Edmund on level 4 of the Dungeon)
 k - a +0 morningstar
   (You took it off an orc on level 4 of the Dungeon)
 n - a +0 antimagic whip
   (You took it off an orc on level 4 of the Dungeon)
Missiles
 l - 11 boomerangs
 s - 36 stones
Armour
 i - a +1 hat (worn)
   (You found it on level 2 of the Dungeon)
Magical Staves
 b - a staff of poison {rPois}
   (You found it on level 2 of the Dungeon)
Jewellery
 g - a ring of positive energy (left tentacle) {rN+}
   (You found it on level 1 of the Dungeon)
 o - an amulet of faith
   (You found it on level 5 of the Dungeon)
 E - a +5 ring of evasion (right tentacle)
   (You found it on level 2 of the Dungeon)
Wands
 c - a wand of light (5)
   (You found it on level 5 of the Dungeon)
 m - a wand of roots (9)
   (You found it on level 4 of the Dungeon)
 q - a wand of flame (18)
   (You took it off Edmund on level 4 of the Dungeon)
Scrolls
 d - a scroll of poison {!r}
 e - a scroll of fog
Potions
 f - 2 potions of attraction {!q}
 B - a potion of brilliance
 J - a potion of curing {@q1}
 L - a potion of flight
 M - a potion of magic
 P - a potion of lignification {!q}


   Skills:
 - Level 2.0 Dodging
 - Level 2.6 Stealth
 - Level 6.0 Spellcasting
 + Level 4.2 Conjurations
 + Level 3.7 Transmutations
 - Level 3.4 Fire Magic
 - Level 5.8 Ice Magic


You had 10 spell levels left.
You knew the following spells:

 Your Spells              Type           Power      Damage    Failure   Level
a - Foxfire               Conj/Fire      80%        2x1d8     2%          1
b - Irradiate             Conj/Tmut      10%        3d15      52%         5
A - Ozocubu's Armour      Ice            27%        N/A       3%          3

Your spell library contained the following spells:

 Spells                   Type           Power      Damage    Failure   Level
 Searing Ray              Conj           42%        2d6       3%          2
 Shock                    Conj/Air       52%        1d6       4%          1
 Scorch                   Fire           36%        2d6       4%          2
 Ignite Poison            Fire/Tmut/Pois 14%        N/A       13%         3
 Inner Flame              Hex/Fire       12%        N/A       17%         3
 Kindle Blastsparks       Fire/Tloc/Air  20%        2d11      22%         3
 Flame Wave               Conj/Fire      20%        2d7       24%         4
 Lightning Bolt           Conj/Air       6%         1d18      78%         5
 Ozocubu's Refrigeration  Ice            13%        4d10      100%        7
 Ignition                 Fire           9%         3d5       100%        8


Dungeon Overview and Level Annotations

Branches:
Dungeon (5/15) Zot: 23918
 Temple: D:4-7

Altars:
Cheibriados
Dithmenos
Elyvilon
Okawaru
Trog
Uskayaw
Vehumet
Xom

Shops:
D:1 :

Annotations:
D:4 exclusions: orc, orc priest and orc wizard, Dowan, Duvessa
D:5 4 runed translucent doors, exclusions: ice beast and lemure


Innate Abilities, Weirdness & Mutations

You cannot wear most types of armour.
You are amphibious.
You can wear up to eight rings at the same time.
Your skin changes colour to match your surroundings (Stealth+).
Your rubbery body absorbs attacks. (AC +1, EV +1)
((You are camouflaged when in or above water. (Stealth+)))
You have tentacles for arms and can constrict up to eight enemies at once.


Message History

MASSIVE DAMAGE!!
The roots erupt in riotous growth!
Roots grab Pikel.
Roots grab the ice beast.
The grasping roots constrict Pikel.
The grasping roots constrict the ice beast.
The ice beast closely misses you.
You hit the ice beast but do no damage. You squeeze the ice beast.
The grasping roots constrict Pikel!
The grasping roots constrict the ice beast.
The roots release their grip on Pikel.
The roots release their grip on the ice beast.
The ice beast hits you.
* * * LOW HITPOINT WARNING * * *
The ice beast freezes you!
* * * LOW HITPOINT WARNING * * *
The lemure barely misses you.
You take 11 damage, and have 2/46 hp.
MASSIVE DAMAGE!!
You feel much better. The ice beast closely misses you.
The lemure barely misses you.
You regained 22 hp, and now have 24/46 hp.
You hit the lemure but do no damage. Your grab misses the lemure.
You squeeze the lemure. The ice beast closely misses you.
The lemure barely misses you.
You hit Pikel. You grab Pikel. You constrict Pikel, but do no damage.
The ice beast hits you. The ice beast freezes you!
* * * LOW HITPOINT WARNING * * *
Pikel closely misses you.
A hound comes into view.
You take 11 damage, and have 13/46 hp.
MASSIVE DAMAGE!!
You hit Pikel but do no damage. You squeeze Pikel.
You kill Pikel!
With Pikel's spell broken, his former minions thank you for their freedom.
The lemure departs this earthly plane. x2; The ice beast hits you.
* * * LOW HITPOINT WARNING * * *
The ice beast freezes you.
* * * LOW HITPOINT WARNING * * *
An orc priest comes into view. It is wielding a +0 flail.
Training target 6.0 for Spellcasting reached!
Your Spellcasting skill increases to level 6!
Your Conjurations skill increases to level 4!
Your Transmutations skill increases to level 3!
You take 7 damage, and have 6/46 hp.
Unknown command.
You feel much better. The ice beast closely misses you.
You regained 27 hp, and now have 33/46 hp.
The orc priest shouts!
You hit the orc but do no damage. You grab the orc. You squeeze the orc.
You constrict the orc, but do no damage.
The ice beast hits you. The ice beast freezes you! The orc barely misses you.
You take 13 damage, and have 20/46 hp.
MASSIVE DAMAGE!!
You hit the orc.
You kill the orc!
The ice beast completely misses you.
Really wriggle into a travel-excluded area?
The hound bites you.
Things that are here:
a +1 short sword of flaming; a +0 leather armour; an orc corpse The ice beast attacks as you move away!
The ice beast closely misses you. The hound bites you.
You take 1 damage, and have 19/46 hp.
A film of ice covers your body! The hound misses you.
You now have 13/17 mp.
You miss the hound. Your grab misses the hound. The hound misses you.
The orc priest looks braver for a moment.
The hound barely misses you.
You hit the ice beast but do no damage. The hound bites you but does no damage.
The ice beast completely misses you.
You hit the ice beast. The hound barely misses you.
The ice beast barely misses you. The hound bites you.
You take 1 damage, and have 19/46 hp.
You completely miss the ice beast.
You squeeze the ice beast, but do no damage.
The hound closely misses you. The ice beast misses you.
The orc priest calls down the wrath of Beogh upon you.
You struggle to resist.
The orc barely misses you.
You barely miss the ice beast. The hound closely misses you.
The ice beast misses you. The orc closely misses you. The hound misses you.
You barely miss the ice beast.
You squeeze the ice beast, but do no damage.
The hound barely misses you. The ice beast hits you. The ice beast freezes you.
* * * LOW HITPOINT WARNING * * *
The orc misses you.
You take 7 damage, and have 13/46 hp.
Unknown command.
You hit the orc priest but do no damage.
Your grab misses the orc priest. The hound bites you.
* * * LOW HITPOINT WARNING * * *
The ice beast hits you but does no damage.
The orc priest looks satisfied for a moment.
The orc barely misses you. The hound misses you.
You take 4 damage, and have 9/46 hp.
You hit the orc priest. You grab the orc priest.
You constrict the orc priest, but do no damage.
The hound closely misses you. The ice beast closely misses you.
The orc priest calls down the wrath of Beogh upon you.
Beogh smites you!
You die...

....###..# .... .#....#...#
....## ......#...###......#
.........:....o....#
............o.......
...............o.#.......
..............o.##.......
.............h##o.....#
###............Y@o...#
#............#.o.....##
.....##......##.......#
......#.......##...........
...)..####.....#...........
#..##...###................
...##.).# ...##...........# ###
..####..###.##...)......#####.###
.## ##..##.##........... ##...##


You could see an ice beast, a hound, an orc priest and 3 orcs.

Vanquished Creatures
  Pikel (D:5)
  Edmund (D:4)
  Pargi (D:4)
  An orc warrior (D:5)
  2 phantoms (D:5)
  A centaur (D:5)
  A scorpion (D:5)
  A hound (D:4)
  A jelly (D:4)
  A gnoll bouda (D:5)
  3 iguanas
  2 orc wizards (D:4)
  5 gnolls (D:5)
  7 adders
  A white imp (D:5)
  A worm (D:1)
  2 dart slugs
  15 orcs
  3 ball pythons
  12 endoplasms
  12 giant cockroaches
  4 goblins
  10 hobgoblins
  11 jackals
  4 kobolds
  3 quokkas
  6 bats
  3 frilled lizards
  7 rats
122 creatures vanquished.

Vanquished Creatures (collateral kills)
  3 foxfires
3 creatures vanquished.

Vanquished Creatures (others)
  310 foxfires
  3 plants (D:2)
313 creatures vanquished.

Grand Total: 438 creatures vanquished

Notes
Turn   | Place    | Note
-------+----------+-------------------------------------------
     0 | D:1      | sokol815 the Octopode Fire Elementalist began the quest for
                  | the Orb.
     0 | D:1      | Reached XP level 1. HP: 11/11 MP: 3/3
     1 | D:1      | Found a runed translucent door.
   104 | D:1      | Found a faded altar of an unknown god.
   287 | D:1      | Reached XP level 2. HP: 17/17 MP: 0/5
   901 | D:1      | Found Ziluwueg's Book Emporium.
  1116 | D:1      | Reached XP level 3. HP: 21/21 MP: 2/6
  1211 | D:1      | Reached skill level 3 in Spellcasting
  1396 | D:2      | Learned a level 3 spell: Ozocubu's Armour
  1401 | D:2      | Reached XP level 4. HP: 27/27 MP: 4/8
  1462 | D:2      | Found a snail-covered altar of Cheibriados.
  1469 | D:2      | Reached skill level 1 in Ice Magic
  2747 | D:3      | Reached skill level 2 in Ice Magic
  2755 | D:3      | Reached XP level 5. HP: 31/31 MP: 5/10
  2961 | D:3      | Found a white marble altar of Elyvilon.
  2995 | D:3      | Found a hide-covered altar of Uskayaw.
  3002 | D:3      | Found a bloodstained altar of Trog.
  3005 | D:3      | Found an iron altar of Okawaru.
  3005 | D:3      | Found a shimmering altar of Xom.
  3011 | D:3      | Found a shadowy altar of Dithmenos.
  3625 | D:4      | Noticed Edmund
  3647 | D:4      | HP: 2/31 [Edmund/puff of flame (8)]
  3650 | D:4      | Killed Edmund
  3651 | D:4      | Reached skill level 4 in Spellcasting
  3651 | D:4      | Reached skill level 3 in Ice Magic
  3651 | D:4      | Reached XP level 6. HP: 36/36 MP: 6/12
  3746 | D:4      | Reached skill level 4 in Ice Magic
  3892 | D:4      | Noticed Duvessa
  3994 | D:4      | Found a radiant altar of Vehumet.
  4128 | D:4      | Noticed Pargi
  4134 | D:4      | Killed Pargi
  4135 | D:4      | Reached XP level 7. HP: 37/41 MP: 0/13
  4790 | D:4      | Noticed Dowan
  4824 | D:5      | Entered Level 5 of the Dungeon
  4864 | D:5      | Reached skill level 5 in Ice Magic
  4959 | D:5      | HP: 10/41 [centaur/arrow (9)]
  5400 | D:5      | Identified a scroll of acquirement
  5400 | D:5      | Acquired the Handbook of Oxidation and the Shot
  5408 | D:5      | Learned a level 5 spell: Irradiate
  5464 | D:5      | Reached skill level 5 in Spellcasting
  5464 | D:5      | Reached skill level 2 in Conjurations
  5662 | D:5      | Found a large runed translucent door.
  5662 | D:5      | Found a large runed translucent door.
  5677 | D:5      | Reached skill level 1 in Transmutations
  5738 | D:5      | Reached XP level 8. HP: 36/46 MP: 13/15
  5944 | D:5      | Reached skill level 2 in Transmutations
  6009 | D:5      | Found a large runed translucent door.
  6009 | D:5      | Found a large runed translucent door.
  6026 | D:5      | Noticed Pikel
  6042 | D:5      | Reached skill level 3 in Conjurations
  6045 | D:5      | HP: 2/46 [ice beast (10)]
  6049 | D:5      | Killed Pikel
  6050 | D:5      | Reached skill level 6 in Spellcasting
  6050 | D:5      | Reached skill level 4 in Conjurations
  6050 | D:5      | Reached skill level 3 in Transmutations
  6062 | D:5      | HP: 9/46 [hound (4)]
  6063 | D:5      | Killed from afar by an orc priest

Illustrated notes

Levels and vault maps discovered:
D:1:      dpeg_arrival_caged_fury, layout_basic, serial_shops, shop,
          ebering_ecumenical_altar_box
D:2:      layout_loops_ring, basic_altar, serial_bayou_pond_a
D:3:      layout_basic, nicolae_overflow_hallway_of_the_gods,
          nicolae_elyvilon_peaceful_grove, serial_co_window_serial,
          co_window_paths_a, co_window_of_opportunity_a, co_window_corner_a,
          co_window_corner_a, co_window_corner_a, co_window_cross_4,
          co_window_cross_2, co_window_2corner, co_window_2corner,
          co_window_of_opportunity_b, co_window_broadway_a, co_window_paths_e,
          glass_columns_b, glass_columns_c, glass_columns_a, glass_columns_b,
          glass_columns_a
D:4:      layout_basic, nicolae_vehumet_radiance, zin_scriptorium,
          chequers_serial_rivers_small_b, uniq_duvessa, uniq_edmund, uniq_pargi
D:5:      layout_cave_pools, grunt_ministairs_12, minmay_hollow_rounded_squares,
          uniq_menkaure, uniq_pikel

Skill      XL: |  1  2  3  4  5  6  7  8 |
---------------+-------------------------+-----
Spellcasting   | 3 4 5 6 |  6.0
Ice Magic      | 2 3 4 5 |  5.8
Conjurations   | 2 4 |  4.2
Transmutations | 1 3 |  3.7
Dodging        | |  2.0
Stealth        | |  2.6
Fire Magic     | |  3.4

Action                   |  1- 3 |  4- 6 |  7- 9 || total
-------------------------+-------+-------+-------++-------
Melee: Short sword       |    40 |    39 |    72 ||   151
       Constrict         |    14 |    10 |    14 ||    38
       Tentacles         |    11 |     9 |    30 ||    50
 Cast: Foxfire           |    44 |    83 |    58 ||   185
       Ozocubu's Armour  |       |       |     5 ||     5
Evoke: Wand              |       |     1 |     6 ||     7
  Use: Scroll            |       |    11 |     7 ||    18
       Potion            |       |     2 |     4 ||     6
 Stab: Sleeping          |     4 |     6 |     3 ||    13
       Invisible         |       |       |     2 ||     2
Armor: Skin              |     5 |     1 |     9 ||    15
Dodge: Dodged            |    13 |    25 |   136 ||   174

Table legend: (Time is in decaauts)
 A = Elapsed time spent in this place.
 B = Non-inter-level travel time spent in this place.
 C = Inter-level travel time spent in this place.
 D = Time resting spent in this place.
 E = Time spent auto-exploring this place.
 F = Levels seen in this place.
 G = Mean time per level.
                   A        B        C        D        E       F      G
               +--------+--------+--------+--------+--------+-----+--------+
         Total |   6080 |   5868 |    212 |   1613 |   3279 |   5 | 1216.0 |
       Dungeon |   6080 |   5868 |    212 |   1613 |   3279 |   5 | 1216.0 |
               +--------+--------+--------+--------+--------+-----+--------+

Top non-repeatable levels by time:
     D:4: 1617 daAuts
     D:3: 1395 daAuts
     D:1: 1321 daAuts
     D:5: 884 daAuts
     D:2: 862 daAuts

Table legend:
 A = Kills in this place as a percentage of kills in entire the game.
 B = Kills by you in this place as a percentage of kills by you in the entire game.
 C = Kills by friends in this place as a percentage of kills by friends in the entire game.
 D = Other kills in this place as a percentage of other kills in the entire game.
 E = Experience gained in this place as a percentage of experience gained in the entire game.
 F = Experience gained in this place divided by the number of levels of this place that you have seen.
                   A       B       C       D       E      F
               +-------+-------+-------+-------+-------+----------------------
         Total | 100.0 | 100.0 |   N/A |   N/A | 100.0 | 417.2
       Dungeon | 100.0 | 100.0 |   N/A |   N/A | 100.0 | 417.2
               +-------+-------+-------+-------+-------+----------------------
